 Dungeon Crawl Stone Soup version 0.28.0-55-gcd9437bce4 (webtiles) character file.

Game seed: 13744670482281587304

19904 AarnesTheHuman the Blocker (level 12, -1/97 HPs)
             Began as a Gnoll Fighter on Dec 26, 2022.
             Was an Elder of the Shining One.
             Slain by a hell rat (5 damage)
             ... on level 2 of the Lair of Beasts.
             The game lasted 00:24:46 (13881 turns).

AarnesTheHuman the Blocker (Gnoll Fighter)         Turns: 13881, Time: 00:24:47

Health: -1/97      AC: 20    Str: 20    XL:     12   Next: 73%
Magic:  23/23      EV:  9    Int:  8    God:    the Shining One [****..]
Gold:   777        SH:  7    Dex: 16    Spells: 26/26 levels left

rFire   + + +      SeeInvis +   a - +9 long sword "Vaobip" {venom, rN+ Will++}
rCold   + + .      Faith    .   c - +0 buckler
rNeg    + + +      Spirit   .   q - +0 plate armour {rF+}
rPois   .          Reflect  .   H - +0 helmet
rElec   +          Harm     .   (no cloak)
rCorr   .          Rampage  +   B - +0 pair of gloves "Maghor" {rElec rF+ rN+ Dex+4}
Will    +....                   n - +2 pair of boots {rampage}
Stlth   ..........              O - amulet of regeneration
HPRegen 1.06/turn               f - ring of Qihompic {rElec rF+ rC++ Will- SInv}
MPRegen 0.18/turn               (no ring)

@: glowing
A: fangs 1, strong nose, distributed training
a: Renounce Religion, Divine Shield, Cleansing Flame


You were on level 2 of the Lair of Beasts.
You worshipped the Shining One.
The Shining One was greatly pleased with you.
You visited 3 branches of the dungeon, and saw 13 of its levels.
You also visited: Bailey.

You collected 777 gold pieces.

Inventory:

Hand Weapons
 a - the +9 long sword "Vaobip" (weapon) {venom, rN+ Will++}
   (You found it on level 2 of the Dungeon)

   It poisons the flesh of those it strikes.
   rN:        It protects you from negative energy.
   Will:      It greatly increases your willpower.
 b - a +3 vorpal fustibalus
 t - the +8 dagger "Peorph" {flame, Int+2}
   (You found it on level 4 of the Dungeon)

   It burns those it strikes, dealing additional fire damage.
   Int:       It affects your intelligence (+2).
 w - the +4 long sword of Punuid {venom, rElec Str+5 Dex-2}
   (You found it on level 4 of the Dungeon)

   It poisons the flesh of those it strikes.
   Str:       It affects your strength (+5).
   Dex:       It affects your dexterity (-2).
   rElec:     It insulates you from electricity.
 x - a +0 hand axe of electrocution
 R - a +6 hunting sling
Missiles
 e - 337 stones
 i - 77 sling bullets
 C - 17 poisoned darts
 E - 16 boomerangs (quivered)
Armour
 c - a +0 buckler (worn)
 n - a +2 pair of boots of rampaging (worn)
 q - a +0 plate armour of fire resistance (worn)
 B - the +0 pair of gloves "Maghor" (worn) {rElec rF+ rN+ Dex+4}
   (You acquired it on level 5 of the Dungeon)

   Dex:       It affects your dexterity (+4).
   rF:        It protects you from fire.
   rElec:     It insulates you from electricity.
   rN:        It protects you from negative energy.
 H - a +0 helmet (worn)
Magical Staves
 g - a staff of air
Jewellery
 f - the ring of Qihompic (left hand) {rElec rF+ rC++ Will- SInv}
   (You acquired it on level 6 of the Dungeon)

   [ring of protection from fire]

   rF:        It protects you from fire.
   rC:        It greatly protects you from cold.
   rElec:     It insulates you from electricity.
   SInv:      It lets you see invisible.
   Will:      It decreases your willpower.
 O - an amulet of regeneration (around neck)
Wands
 o - a wand of digging (6)
 p - a wand of polymorph (14)
 F - a wand of flame (26)
 J - a wand of iceblast (4)
Scrolls
 k - a scroll of blinking
 l - 2 scrolls of teleportation
 s - a scroll of acquirement
 v - a scroll of fog {unknown}
 y - a scroll of noise {unknown}
 z - 2 scrolls of vulnerability {unknown}
 G - a scroll of immolation {unknown}
 L - a scroll of enchant armour {unknown}
 N - a scroll of summoning {unknown}
 Q - a scroll of silence {unknown}
Potions
 d - 2 potions of might
 h - a potion of mutation
 j - a potion of curing
 m - 2 potions of attraction
 r - a potion of resistance
 u - 3 potions of cancellation
 A - a potion of brilliance {unknown}
 D - 2 potions of heal wounds {unknown}
 I - 2 potions of flight {unknown}
 K - a potion of invisibility {unknown}
 M - a potion of haste {unknown}


   Skills:
 + Level 10.1 Fighting
 + Level 7.5 Short Blades
 + Level 7.5 Long Blades
 + Level 8.9 Axes
 + Level 7.5 Maces & Flails
 + Level 7.5 Polearms
 + Level 7.5 Staves
 + Level 7.5 Slings
 + Level 7.5 Bows
 + Level 7.5 Crossbows
 + Level 7.5 Throwing
 + Level 10.1 Armour
 + Level 7.5 Dodging
 + Level 7.5 Stealth
 + Level 10.1 Shields
 + Level 7.5 Unarmed Combat
 + Level 7.5 Spellcasting
 + Level 6.3 Conjurations
 + Level 6.3 Hexes
 + Level 6.3 Summonings
 + Level 6.3 Necromancy
 + Level 6.3 Translocations
 + Level 6.3 Transmutations
 + Level 6.3 Fire Magic
 + Level 6.3 Ice Magic
 + Level 6.3 Air Magic
 + Level 6.3 Earth Magic
 + Level 6.3 Poison Magic
 + Level 8.3 Invocations
 + Level 7.5 Evocations


You had 26 spell levels left.
You didn't know any spells.
Your spell library contained the following spells:

 Spells                   Type           Power      Damage    Failure   Level
 Foxfire                  Conj/Fire      52%        2x1d6     30%         1
 Sandblast                Erth           26%        2d8       30%         1
 Sting                    Tmut/Pois      52%        1d5       30%         1
 Passwall                 Tmut/Erth      10%        N/A       43%         2
 Sublimation of Blood     Necr           13%        N/A       43%         2
 Wereblood                Tmut           13%        N/A       43%         2
 Call Canine Familiar     Summ           13%        N/A       67%         3
 Conjure Flame            Conj/Fire      13%        6-21      67%         3
 Ignite Poison            Fire/Tmut/Pois 13%        N/A       67%         3
 Inner Flame              Hex/Fire       13%        N/A       67%         3
 Portal Projectile        Hex/Tloc       26%        N/A       67%         3
 Stone Arrow              Conj/Erth      26%        3d8       67%         3
 Flame Wave               Conj/Fire      13%        2d6       97%         4
 Leda's Liquefaction      Hex/Erth       6%         N/A       97%         4
 Alistair's Intoxication  Tmut/Pois      8%         N/A       100%        5
 Freezing Cloud           Conj/Ice/Air   6%         6-21      100%        5
 Dispersal                Tloc           6%         N/A       100%        6
 Eringya's Noxious Bog    Tmut/Pois      6%         N/A       100%        6
 Storm Form               Tmut/Air       6%         N/A       100%        7
 Summon Hydra             Summ           6%         N/A       100%        7
 Disjunction              Tloc           6%         N/A       100%        8
 Maxwell's Capacitive Co  Air            6%         ∞         100%        8


Dungeon Overview and Level Annotations

Branches:
Dungeon (10/15)            Temple (1/1) D:6            Lair (2/6) D:10
    Orc (0/2) D:9          Bailey (visited)
  Swamp: Lair:2-4    Shoals: Lair:2-4     Snake: Lair:2-4    Spider: Lair:2-4

Altars:
Ashenzari
Dithmenos
Elyvilon
Fedhas
Gozag
Hepliaklqana
Kikubaaqudgha
Makhleb
Nemelex Xobeh
Okawaru
Qazlal
Ru
Sif Muna
Trog
Uskayaw
Vehumet
Wu Jian
Xom
Yredelemnul
Zin
The Shining One

Annotations:
D:5 1 runed translucent door, Crazy Yiuf


Innate Abilities, Weirdness & Mutations

You have very sharp teeth.
Your uncanny sense of smell can sniff out nearby items.
Your experience applies equally to all skills.


Message History

You feel sick. The wolf bites you but does no damage.
The polar bear bites you but does no damage.
The polar bear claws you but does no damage. x2
The scorpion stings you.
* * * LOW HITPOINT WARNING * * *
The wolf bites you but does no damage.
You slash the wolf!
You kill the wolf!
You feel sick. The scorpion barely misses you.
The polar bear bites you but does no damage.
You block the polar bear's attack.
The polar bear claws you but does no damage.
You slash the scorpion!
You bite the scorpion, but do no damage.
The scorpion is severely wounded.
You feel sick. You block the scorpion's attack.
The polar bear bites you but does no damage.
The polar bear claws you but does no damage. x2
You block the scorpion's attack. The polar bear barely misses you.
The polar bear closely misses you.
The polar bear claws you but does no damage.
You barely miss the polar bear.
You feel sick. The hell rat bites you.
* * * LOW HITPOINT WARNING * * *
The electric eel shoots out a bolt of lightning at you!
The bolt of electricity hits you. You resist.
* * * LOW HITPOINT WARNING * * *
The bolt of electricity hits you. You resist.
* * * LOW HITPOINT WARNING * * *
The bolt of electricity hits the electric eel.
The electric eel completely resists.
The scorpion stings you but does no damage.
You block the polar bear's attack. The polar bear claws you.
* * * LOW HITPOINT WARNING * * *
The polar bear claws you but does no damage.
Activating: Cleansing Flame (16% risk of failure)
Press: ? - help, Dir - look around, f - activate You fail to use your ability.
You feel sick.
You are no longer poisoned.
The hell rat bites you.
You die...

.................................
.###..........≈≈.................
P####.......#≈≈≈........###...#.#
..........##≈≈≈≈.......## #######
..........##≈≈≈.......##
..........##≈≈.......##
..........##≈≈..###### .
....#.P...##≈≈...r##....
...........#≈≈≈.@s.....≈
...P.P#.P..#≈≈≈≈Sh..≈≈≈≈
...........##≈≈≈≈≈≈≈≈≈≈≈
.P#...#...#.####≈≈≈≈≈≈##
...........## ########
........####### ∆∆∆
.....##.##.##.# ∆∆∆
.............#####
.................########


You could see a polar bear, a scorpion, a hell rat and an electric eel.

Vanquished Creatures
  Erica (D:9)
  4 hydras (Lair:1)
  A two-headed ogre (D:9)
  Pikel (D:7)
  An orc knight (Bailey)
  5 elephants
  Joseph (Lair:1)
  3 black mambas
  3 cane toads
  3 komodo dragons
  Prince Ribbit (D:5)
  A troll (D:9)
  2 blink frogs (Lair:2)
  A hornet (D:9)
  Sigmund (D:5)
  A shadow (D:9)
  2 wyverns
  2 steam dragons
  2 basilisks
  11 yaks
  Menkaure (D:7)
  21 water moccasins
  3 black bears
  A swamp drake (Lair:1)
  8 orc warriors
  2 ice beasts
  2 ogres (D:6)
  2 centaurs (D:9)
  4 wolves (Lair:2)
  3 phantoms
  A lemure (D:7)
  6 bullfrogs
  A kobold brigand (D:8)
  A scorpion (D:4)
  A wyvern skeleton (D:7)
  3 troll zombies (D:9)
  4 wights (D:9)
  7 electric eels
  A howler monkey (D:7)
  2 centaur zombies
  A hound (D:6)
  3 jellies
  8 orc priests
  A centaur skeleton (D:7)
  3 iguanas (D:5)
  18 orc wizards
  2 killer bee zombies
  3 ogre zombies (D:9)
  4 gnolls (D:3)
  26 adders
  A white imp (D:6)
  A dart slug (D:3)
  53 orcs
  2 ball pythons
  3 bats
  10 endoplasms
  3 giant cockroaches
  9 goblins
  8 hobgoblins
  6 jackals
  3 quokkas
  3 frilled lizards
  A goblin skeleton (D:9)
  2 goblin zombies (D:9)
  A hobgoblin skeleton (D:9)
  7 kobolds
  An orc skeleton (D:9)
  14 orc zombies (D:9)
  5 rats
323 creatures vanquished.

Vanquished Creatures (collateral kills)
  2 orc warriors (Bailey)
2 creatures vanquished.

Vanquished Creatures (others)
  An orc warrior (Bailey)
  5 fungi
  17 plants
23 creatures vanquished.

Grand Total: 348 creatures vanquished

Notes
Turn   | Place    | Note
-------+----------+-------------------------------------------
     0 | D:1      | AarnesTheHuman the Gnoll Fighter began the quest for the
                  | Orb.
     0 | D:1      | Reached XP level 1. HP: 23/23 MP: 1/1
    91 | D:1      | Reached XP level 2. HP: 29/29 MP: 2/2
   296 | D:1      | Reached XP level 3. HP: 31/35 MP: 3/3
   777 | D:1      | Found a faded altar of an unknown god.
  1134 | D:2      | Reached skill level 1 in Invocations
  1335 | D:2      | Identified the +9 long sword "Vaobip" {venom, rN+ Will++}
  1487 | D:2      | Reached skill level 1 in Short Blades
  1487 | D:2      | Reached skill level 1 in Long Blades
  1487 | D:2      | Reached skill level 1 in Maces & Flails
  1487 | D:2      | Reached skill level 1 in Polearms
  1487 | D:2      | Reached skill level 1 in Staves
  1487 | D:2      | Reached skill level 1 in Slings
  1487 | D:2      | Reached skill level 1 in Bows
  1487 | D:2      | Reached skill level 1 in Crossbows
  1487 | D:2      | Reached skill level 1 in Throwing
  1487 | D:2      | Reached skill level 1 in Dodging
  1487 | D:2      | Reached skill level 1 in Stealth
  1487 | D:2      | Reached skill level 1 in Unarmed Combat
  1487 | D:2      | Reached skill level 1 in Spellcasting
  1487 | D:2      | Reached skill level 1 in Evocations
  1896 | D:3      | Reached XP level 4. HP: 41/41 MP: 5/5
  1899 | D:3      | You fall into a shaft and drop 3 floors!
  1902 | D:6      | Identified a scroll of acquirement
  1903 | D:6      | Acquired the ring of Qihompic {rElec rF+ rC++ Will- SInv}
  1933 | D:5      | Entered Level 5 of the Dungeon
  1951 | D:5      | Noticed Prince Ribbit
  1968 | D:5      | Killed Prince Ribbit
  1969 | D:5      | Reached skill level 1 in Conjurations
  1969 | D:5      | Reached skill level 1 in Hexes
  1969 | D:5      | Reached skill level 1 in Summonings
  1969 | D:5      | Reached skill level 1 in Necromancy
  1969 | D:5      | Reached skill level 1 in Translocations
  1969 | D:5      | Reached skill level 1 in Transmutations
  1969 | D:5      | Reached skill level 1 in Fire Magic
  1969 | D:5      | Reached skill level 1 in Ice Magic
  1969 | D:5      | Reached skill level 1 in Air Magic
  1969 | D:5      | Reached skill level 1 in Earth Magic
  1969 | D:5      | Reached skill level 1 in Poison Magic
  1969 | D:5      | Reached XP level 5. HP: 47/47 MP: 5/7
  1969 | D:5      | Reached XP level 6. HP: 53/53 MP: 5/8
  2045 | D:4      | Got the Volume of Poison
  2152 | D:4      | Reached skill level 5 in Axes
  2769 | D:4      | Reached XP level 7. HP: 44/59 MP: 10/10
  3135 | D:4      | Identified the +4 long sword of Punuid {venom, rElec Str+5
                  | Dex-2}
  3772 | D:4      | Found a basalt altar of Yredelemnul.
  3774 | D:4      | Noticed a profane servitor
  3786 | D:4      | Found a glowing golden altar of the Shining One.
  3867 | D:4      | Noticed an angel
  3872 | D:4      | Became a worshipper of the Shining One
  3932 | D:4      | Identified the +8 dagger "Peorph" {flame, Int+2}
  3945 | D:4      | Found a shimmering blue altar of Sif Muna.
  4822 | D:5      | Acquired the +0 pair of gloves "Maghor" {rElec rF+ rN+
                  | Dex+4}
  4862 | D:5      | Noticed Sigmund
  4885 | D:5      | Killed Sigmund
  4886 | D:5      | Reached XP level 8. HP: 66/67 MP: 12/12
  5089 | D:5      | Found a runed translucent door.
  5090 | D:5      | Noticed Crazy Yiuf
  5905 | D:6      | Reached XP level 9. HP: 72/72 MP: 14/14
  6116 | D:6      | Found a staircase to the Ecumenical Temple.
  6127 | Temple   | Entered the Ecumenical Temple
  7150 | D:7      | Noticed Menkaure
  7150 | D:7      | Reached * piety under the Shining One
  7174 | D:7      | Killed Menkaure
  7695 | D:7      | Noticed Pikel
  7704 | D:7      | Killed Pikel
  7836 | D:7      | Found an ancient bone altar of Kikubaaqudgha.
  8033 | D:7      | Reached skill level 5 in Invocations
  8084 | D:7      | Found a burning altar of Makhleb.
  8093 | D:7      | Found a blossoming altar of Fedhas.
  8439 | D:8      | Reached XP level 10. HP: 71/80 MP: 17/17
  8483 | D:8      | Reached ** piety under the Shining One
  8833 | D:8      | Found a stormy altar of Qazlal.
  8966 | D:9      | Reached skill level 5 in Short Blades
  8966 | D:9      | Reached skill level 5 in Long Blades
  8966 | D:9      | Reached skill level 5 in Maces & Flails
  8966 | D:9      | Reached skill level 5 in Polearms
  8966 | D:9      | Reached skill level 5 in Staves
  8966 | D:9      | Reached skill level 5 in Slings
  8966 | D:9      | Reached skill level 5 in Bows
  8966 | D:9      | Reached skill level 5 in Crossbows
  8966 | D:9      | Reached skill level 5 in Throwing
  8966 | D:9      | Reached skill level 5 in Dodging
  8966 | D:9      | Reached skill level 5 in Stealth
  8966 | D:9      | Reached skill level 5 in Unarmed Combat
  8966 | D:9      | Reached skill level 5 in Spellcasting
  8966 | D:9      | Reached skill level 5 in Evocations
  9015 | D:9      | Reached *** piety under the Shining One
  9073 | D:9      | Found a flagged portal.
  9081 | D:9      | Identified the +4 halberd "Funloqygg" {pain, rElec rC+
                  | rCorr}
  9084 | Bailey   | Entered a bailey
  9384 | Bailey   | Noticed an orc knight
  9418 | Bailey   | Killed an orc knight
  9425 | Bailey   | Got the Guide on Lightness
  9701 | D:9      | Found a staircase to the Orcish Mines.
  9707 | D:9      | Reached **** piety under the Shining One
  9742 | D:9      | Noticed Erica
  9748 | D:9      | Noticed a two-headed ogre
  9751 | D:9      | Killed Erica
  9765 | D:9      | Killed a two-headed ogre
  9800 | D:9      | Reached XP level 11. HP: 63/87 MP: 19/19
 10440 | D:10     | Entered Level 10 of the Dungeon
 10465 | D:10     | Found a staircase to the Lair.
 10474 | D:10     | Reached skill level 5 in Conjurations
 10474 | D:10     | Reached skill level 5 in Hexes
 10474 | D:10     | Reached skill level 5 in Summonings
 10474 | D:10     | Reached skill level 5 in Necromancy
 10474 | D:10     | Reached skill level 5 in Translocations
 10474 | D:10     | Reached skill level 5 in Transmutations
 10474 | D:10     | Reached skill level 5 in Fire Magic
 10474 | D:10     | Reached skill level 5 in Ice Magic
 10474 | D:10     | Reached skill level 5 in Air Magic
 10474 | D:10     | Reached skill level 5 in Earth Magic
 10474 | D:10     | Reached skill level 5 in Poison Magic
 10517 | D:10     | Acquired a +3 vorpal fustibalus
 10525 | Lair:1   | Entered Level 1 of the Lair of Beasts
 10557 | Lair:1   | Noticed a six-headed hydra
 10572 | Lair:1   | Killed an eight-headed hydra
 11737 | Lair:1   | Noticed a five-headed hydra
 11746 | Lair:1   | Killed a five-headed hydra
 12178 | Lair:1   | Noticed a five-headed hydra
 12189 | Lair:1   | Killed a five-headed hydra
 12190 | Lair:1   | Reached XP level 12. HP: 78/96 MP: 22/22
 12242 | Lair:1   | Noticed an eight-headed hydra
 12254 | Lair:1   | Killed an eight-headed hydra
 12383 | Lair:1   | Noticed Joseph
 12391 | Lair:1   | Killed Joseph
 13200 | Lair:2   | HP: 2/97 [poisoned by a black mamba]
 13525 | Lair:2   | Reached skill level 10 in Fighting
 13525 | Lair:2   | Reached skill level 10 in Armour
 13525 | Lair:2   | Reached skill level 10 in Shields
 13880 | Lair:2   | HP: 4/97 [polar bear (1)]
 13881 | Lair:2   | Slain by a hell rat

Illustrated notes

Levels and vault maps discovered:
D:1:      lightli_arrival_windingriver, layout_loops_ring,
          hellmonk_ecumenical_altar_heavens_door
D:2:      layout_basic
D:3:      layout_loops_cross, chequers_serial_rivers_micro_c
D:4:      layout_loops_ring, grunt_temple_overflow_holy_war,
          mainiacjoe_overflow_six_doors_small, grunt_decor_fettered,
          sigmund_army
D:5:      layout_cave_pools, serial_bayou_ford_a, dk_rats_in_the_wall,
          uniq_prince_ribbit1, uniq_crazy_yiuf_cottage, uniq_sigmund
D:6:      nicolae_cairo_tiling_very_big, layout_basic,
          minmay_temple_entry_nine_rooms, serial_bayou, serial_bayou_crossing,
          serial_bayou_pond_c, serial_bayou_lagoon_a, serial_bayou_pond_d,
          minivault_5
D:7:      layout_basic, mainiacjoe_overflow_small_starburst,
          mainiacjoe_overflow_swirl, uniq_menkaure, uniq_pikel
D:8:      layout_basic, lemuel_crystal_altar
D:9:      layout_small_grid, zombieorc1_lemuel, enter_bailey_2, uniq_erica
D:10:     layout_gridville, slow_altar_1, david_lair_generic, uniq_erolcha,
          uniq_gastronok, uniq_harold
Temple:   eino_temple_water
Lair:1:   lemuel_reptile_caves, layout_big_grid, beast_lair_carwin_4,
          infiniplex_staircase_pool, uniq_joseph
Lair:2:   layout_long_grid, chequers_serial_rivers_small_a,
          chequers_serial_rivers_micro_a, nicolae_lair_lakeside_cave,
          serial_bayou_shore_a

Skill      XL: |  1  2  3  4  5  6  7  8  9 10 11 12 |
---------------+-------------------------------------+-----
Invocations    | 1 2 3 4 5 6 7 8 |  8.3
Short Blades   | 1 2 3 4 5 6 7 |  7.5
Long Blades    | 1 2 3 4 5 6 7 |  7.5
Maces & Flails | 1 2 3 4 5 6 7 |  7.5
Polearms       | 1 2 3 4 5 6 7 |  7.5
Staves         | 1 2 3 4 5 6 7 |  7.5
Slings         | 1 2 3 4 5 6 7 |  7.5
Bows           | 1 2 3 4 5 6 7 |  7.5
Crossbows      | 1 2 3 4 5 6 7 |  7.5
Throwing       | 1 2 3 4 5 6 7 |  7.5
Dodging        | 1 2 3 4 5 6 7 |  7.5
Stealth        | 1 2 3 4 5 6 7 |  7.5
Unarmed Combat | 1 2 3 4 5 6 7 |  7.5
Spellcasting   | 1 2 3 4 5 6 7 |  7.5
Evocations     | 1 2 3 4 5 6 7 |  7.5
Conjurations   | 1 2 3 4 5 6 |  6.3
Hexes          | 1 2 3 4 5 6 |  6.3
Summonings     | 1 2 3 4 5 6 |  6.3
Necromancy     | 1 2 3 4 5 6 |  6.3
Translocations | 1 2 3 4 5 6 |  6.3
Transmutations | 1 2 3 4 5 6 |  6.3
Fire Magic     | 1 2 3 4 5 6 |  6.3
Ice Magic      | 1 2 3 4 5 6 |  6.3
Air Magic      | 1 2 3 4 5 6 |  6.3
Earth Magic    | 1 2 3 4 5 6 |  6.3
Poison Magic   | 1 2 3 4 5 6 |  6.3
Axes           | 5 6 7 8 |  8.9
Fighting       | 7 8 9 10 | 10.1
Armour         | 7 8 9 10 | 10.1
Shields        | 7 8 9 10 | 10.1

Action                   |  1- 3 |  4- 6 |  7- 9 | 10-12 || total
-------------------------+-------+-------+-------+-------++-------
Melee: War axe           |    77 |       |       |       ||    77
       Bite              |     9 |     4 |    24 |    76 ||   113
       Long sword        |    13 |    47 |   221 |   443 ||   724
       Dagger            |       |       |       |    18 ||    18
 Fire: Fustibalus        |       |       |       |    35 ||    35
Throw: Dart              |       |       |     4 |       ||     4
       Boomerang         |       |       |     5 |    20 ||    25
Invok: Cleansing Flame   |       |       |       |     3 ||     3
Evoke: Wand              |       |       |       |    11 ||    11
  Use: Scroll            |       |     4 |     2 |     9 ||    15
       Potion            |       |       |       |     2 ||     2
Armor: Scale mail        |    38 |    13 |    58 |       ||   109
       Plate armour      |       |       |    55 |   392 ||   447
Dodge: Dodged            |    35 |    17 |    97 |   230 ||   379
Block: Buckler           |    18 |    18 |    63 |   211 ||   310
